Map: Dusk Towers

Players

Jombozeus

  • Race: Terran Terran
  • League: Master

xKawaiian - Winner!

  • Race: Terran Terran
  • League: Master

VOD

Have the link to the VOD?

Description

Time

  • Played on: Jan. 13, 2016, 5:41 p.m.
  • Length: 4:59
Show
View Real Time Build Order
Export as new Build Order

Jombozeus Terran 

Build Orders:  

Get SALT Encoding   

  12  0:01  SCV  
  13  0:13  SCV  
  14  0:18  Supply Depot  
  14  0:25  SCV  
  15  0:39  SCV  
  15  0:41  Barracks  
  16  0:44  Refinery  
  16  0:50  Refinery  
  16  0:55  SCV  
  17  1:07  SCV  
  18  1:19  SCV  
  19  1:28  Reaper  
  19  1:32  Orbital Command  
  20  1:48  Factory  
  19  1:55  Supply Depot  
  19  1:58  SCV  
  19  2:00  Reaper  
  21  2:10  SCV  
  22  2:23  SCV  
  23  2:32  Factory Tech Lab, Reaper, Starport  
  24  2:38  SCV  
  25  2:51  SCV  
  26  2:57  Command Center  
  26  3:04  Cyclone  
  29  3:09  Starport Tech Lab  
  29  3:11  Marine  
  30  3:14  SCV  
  29  3:28  Bunker  
  29  3:30  SCV  
  30  3:36  Marine  
  31  3:52  Raven  
  31  3:55  Marine  
  31  4:08  Cyclone  
  34  4:10  Orbital Command  
  34  4:11  Supply Depot  
  34  4:26  Marine  
  35  4:35  Bunker  
  35  4:37  Bunker  
  38  4:41  Supply Depot  
Show
View Real Time Build Order
Export as new Build Order

xKawaiian Terran - Winner!

Build Orders: 1/1/1, Cyclone Opening 

Get SALT Encoding   

  12  0:01  SCV  
  13  0:13  SCV  
  14  0:17  Supply Depot  
  14  0:25  SCV  
  15  0:39  SCV  
  15  0:40  Barracks  
  16  0:46  Refinery  
  16  0:51  SCV  
  16  0:52  Refinery  
  17  1:03  SCV  
  18  1:16  SCV  
  19  1:27  Marine  
  19  1:29  Orbital Command  
  20  1:34  Factory  
  20  1:45  Marine  
  21  1:47  Supply Depot  
  21  1:55  SCV  
  22  2:04  Marine  
  23  2:09  SCV  
  24  2:19  Factory Tech Lab, Starport  
  24  2:21  SCV  
  24  2:22  Marine  
  26  2:28  Supply Depot  
  26  2:33  SCV  
  27  2:38  Cyclone  
  27  2:41  Marine  
  31  2:49  SCV  
  32  2:52  Supply Depot  
  32  2:56  Medivac  
  34  3:01  SCV  
  34  3:02  Marine  
  36  3:10  Siege Tank  
  39  3:14  SCV  
  39  3:18  Liberator  
  40  3:20  Marine  
  40  3:26  Supply Depot, SCV  
  42  3:38  SCV, Marine  
  44  3:59  Command Center  
  43  4:05  Marine  
  43  4:07  SCV  
  45  4:12  Barracks  
  45  4:18  Siege Tank  
  48  4:35  Marine  
  48  4:36  SCV  
Tags
 
Add a new tag
Caveats
  • Supply blocks, unpowered buildings, or Contaminate may cause inaccurate times.
  • Supply counts are checked every 10 seconds.